 Dungeon Crawl Stone Soup version 0.17.0-24-gcfadda4 (console) character file.

1 gw the Cudgeler (level 1, -1/18 HPs)
             Began as a Minotaur Gladiator on Nov 15, 2015.
             Slain by a jackal (3 damage)
             ... on level 1 of the Dungeon.
             The game lasted 00:00:10 (94 turns).

gw the Cudgeler (Minotaur Gladiator)                  Turns: 94, Time: 00:00:10

Health: -1/18      AC:  3    Str: 19    XL:     1   Next: 16%
Magic:  0/0        EV: 12    Int:  5    God:
Gold:   11         SH:  0    Dex: 10    Spells: 0 memorised, 0 levels left

rFire  . . .     SeeInvis .     a - +0 flail
rCold  . . .     Clarity  .     b - +0 leather armour
rNeg   . . .     SustAt   .     (no shield)
rPois  .         Gourm    .     c - +0 hat
rElec  .         Spirit   .     (no cloak)
rCorr  .         Warding  .     (no gloves)
rMut   .         Stasis   .     (no boots)
MR     .....                    (no amulet)
Stlth  +.........               (no ring)
                                (no ring)

@: not resistant to hostile enchantments, very unstealthy
A: retaliatory headbutt, horns 2
a: no special abilities


You were on level 1 of the Dungeon.
You were not hungry.

You visited 1 branch of the dungeon, and saw 1 of its levels.

You collected 11 gold pieces.

Inventory:

Hand Weapons
 a - a +0 flail (weapon)
Missiles
 d - 3 throwing nets
 f - 17 stones (quivered)
Armour
 b - a +0 leather armour (worn)
 c - a +0 hat (worn)
Scrolls
 g - a scroll of identify {unknown}
Comestibles
 e - a bread ration


   Skills:
 + Level 2.4 Fighting
 * Level 3.6 Maces & Flails
 + Level 2.1 Throwing
 + Level 0.0 Armour
 - Level 3.2 Dodging


You couldn't memorise any spells.
You didn't know any spells.

Dungeon Overview and Level Annotations

Branches:
Dungeon (1/15)

Altars:


Innate Abilities, Weirdness & Mutations

You reflexively headbutt those who attack you in melee.
You have a pair of horns on your head.


Message History

You headbutt the jackal, but do no damage.
Trying to move but square is occupied??
Making a random move The jackal closely misses you.
The jackal misses you. The jackal bites you.
MOVING TO (-1,5)
The jackal completely misses you.
MOVING TO (-2,4) MOVING TO (-2,3) MOVING TO (-2,2)
The jackal closely misses you.
ATTACKING (0,-1)
You barely miss the jackal. You headbutt the jackal.
The jackal is lightly wounded.
The jackal bites you but does no damage.
MOVING TO (0,6)
The jackal bites you.
MOVING TO (0,5) MOVING TO (0,4)
The jackal bites you.
You die...

#.##.# #....######
#.#........
#h#.####### #%#.#
#.#h# #.#h# #.#h#
##############.#H#
#..............#.#
#'############.#.#
~.~~~~~~~ #.#.#
~.~PP7.77 7
#.#.###.#.#
~.~..PPP7PP
#..........
~.~~~~~~~~~
#.#.###.##
....~~~~~~~ #.#.#
###.~P.PP7 #.#.#


You could see 3 jackals.

Table legend:
 A = Turns spent in this place as a percentage of turns spent in the entire game.
 B = Non-inter-level travel turns spent in this place as a percentage of non-inter-level travel turns spent in the entire game.
 C = Inter-level travel turns spent in this place as a percentage of turns spent in this place.
 D = Turns resting spent in this place as a percentage of non-inter-level travel turns spent in this place.
 E = Turns spent auto-exploring this place as a percentage of non-inter-level travel turns spent in this place.
 F = Non-inter-level travel turns spent in this place divided by the number of levels of this place that you've seen.
                   A       B       C       D       E      F
               +-------+-------+-------+-------+-------+----------------------
         Total | 100.0 | 100.0 |   0.0 |   0.0 |   1.3 | 231.0
       Dungeon | 100.0 | 100.0 |   0.0 |   0.0 |   1.3 | 231.0
               +-------+-------+-------+-------+-------+----------------------

Table legend:
 A = Kills in this place as a percentage of kills in entire the game.
 B = Kills by you in this place as a percentage of kills by you in the entire game.
 C = Kills by friends in this place as a percentage of kills by friends in the entire game.
 D = Other kills in this place as a percentage of other kills in the entire game.
 E = Experience gained in this place as a percentage of experience gained in the entire game.
 F = Experience gained in this place divided by the number of levels of this place that you have seen.
                   A       B       C       D       E      F
               +-------+-------+-------+-------+-------+----------------------
         Total | 100.0 | 100.0 |  -nan |  -nan | 100.0 |   2.0
       Dungeon | 100.0 | 100.0 |  -nan |  -nan | 100.0 |   2.0
               +-------+-------+-------+-------+-------+----------------------

Vanquished Creatures
  A jackal (D:1)
1 creature vanquished.

Notes
Turn   | Place    | Note
--------------------------------------------------------------
     0 | D:1      | gw the Minotaur Gladiator began the quest for the Orb.
     0 | D:1      | Reached XP level 1. HP: 18/18 MP: 0/0
    94 | D:1      | Slain by a jackal

Action                   || total
-------------------------++-------
Melee: Flail             ||    10

Vault maps used:
D:1:      lightli_arrival_farm
